 Dungeon Crawl Stone Soup version 0.28-a0-1629-gf728b707aa (webtiles) character file.

Game seed: 12200052155820788379

40 murtidash the Skirmisher (level 3, 0/29 HPs)
             Began as a Formicid Abyssal Knight on Jan 24, 2022.
             Was a Follower of Lugonu.
             Slain by a worm (6 damage)
             ... on level 1 of the Dungeon.
             The game lasted 00:04:06 (2999 turns).

murtidash the Skirmisher (Formicid Abyssal Knight)  Turns: 2999, Time: 00:04:06

Health: 0/29       AC:  3    Str: 19    XL:     3   Next: 72%
Magic:  5/5        EV: 11    Int:  9    God:    Lugonu [*.....]
Gold:   83         SH:  0    Dex: 11    Spells: 3/3 levels left

rFire   . . .      SeeInvis +   a - +1 hand axe
rCold   . . .      Faith    .   (no shield)
rNeg    . . .      Spirit   .   b - +0 leather armour
rPois   .          Reflect  .   (helmet unavailable)
rElec   .          Harm     .   (no cloak)
rCorr   .          Rampage  .   (no gloves)
Will    .....                   (no boots)
Stlth   +.........              (no amulet)
HPRegen 0.09/turn               (no ring)
MPRegen 0.09/turn               (no ring)

@: no status effects
A: permanent stasis, dig shafts and tunnels, antennae 3, four strong arms
a: Dig, Shaft Self, Renounce Religion, Depart the Abyss


You were on level 1 of the Dungeon.
You worshipped Lugonu.
Lugonu was aware of your devotion.
You visited 1 branch of the dungeon, and saw 2 of its levels.
You visited the Abyss 1 time.

You collected 83 gold pieces.

Inventory:

Hand Weapons
 a - a +1 hand axe (weapon)
Armour
 b - a +0 leather armour (worn)
Scrolls
 d - a scroll of identify {unknown}
Potions
 c - 2 potions of curing {unknown}


   Skills:
 + Level 3.5 Fighting
 * Level 2.4(2.6) Axes
 - Level 1.0(1.8) Maces & Flails
 - Level 1.1(1.9) Polearms
 - Level 2.1 Armour
 - Level 0.8 Dodging
 - Level 0.7 Spellcasting
 + Level 2.7 Invocations


You had 3 spell levels left.
You didn't know any spells.
Your spell library was empty.

Dungeon Overview and Level Annotations

Branches:
Dungeon (2/15)

Altars:


Innate Abilities, Weirdness & Mutations

You cannot be hasted, slowed, berserked, paralysed or teleported.
You can dig through walls and to a lower floor.
You have a pair of large antennae on your head. (SInv)
Your four strong arms can wield two-handed weapons with a shield.


Message History

You hit the worm. The worm bites you.
You take 1 damage, and have 19/29 hp.
You are too injured to fight recklessly!
You are too injured to fight recklessly!
You are too injured to fight recklessly!
You are too injured to fight recklessly!
You are too injured to fight recklessly!
You are too injured to fight recklessly!
You are too injured to fight recklessly!
You are too injured to fight recklessly!
You are too injured to fight recklessly!
You hit the worm but do no damage. The worm bites you!
You take 10 damage, and have 9/29 hp.
MASSIVE DAMAGE!!
You hit the worm but do no damage. You barely miss the worm.
The worm bites you but does no damage.
There is an open door here.
You see here a hobgoblin corpse.
You close the door, pushing everything out of the way.
Unknown command.
You close the door.
You start resting.
Health restored: 29 You open the door.
There is an open door here.
Partly explored, can't reach some places.
Search for what [Enter for "shield", or ? for help]?
Okay, then.
Level map cleared.
There is an open door here.
You see here a +0 club.
You enter the shallow water.
Moving in this stuff is going to be slow.
You see here 13 stones.
You enter the shallow water.
Moving in this stuff is going to be slow.
There is an open door here.
There is an open door here.
There is an open door here.
There is an open door here.
You enter the shallow water.
Moving in this stuff is going to be slow.
There is an open door here.
You enter the shallow water.
Moving in this stuff is going to be slow.
You enter the shallow water.
Moving in this stuff is going to be slow.
A worm is nearby!
You enter the shallow water.
Moving in this stuff is going to be slow.
Something bites the plant.
The plant begins to die.
You hear a splashing noise.
You hear a splashing noise.
A nearby plant withers and dies.
You hit the worm. You hit the plant.
The plant begins to die.
You hit the plant but do no damage. You hit the plant.
The plant begins to die.
You hit the worm.
You hit the plant. x2; The plant begins to die.
You hit the plant. The worm bites you.
You take 2 damage, and have 27/29 hp.
You hit the worm.
You hit the plant. x3; A nearby plant withers and dies. x2
You barely miss the worm. You hit the plant. The worm bites you!
You take 8 damage, and have 19/29 hp.
MASSIVE DAMAGE!!
You are too injured to fight recklessly!
You are too injured to fight recklessly!
You are too injured to fight recklessly!
You are too injured to fight recklessly!
You are too injured to fight recklessly!
You are too injured to fight recklessly!
You are too injured to fight recklessly!
You are too injured to fight recklessly!
You are too injured to fight recklessly!
You are too injured to fight recklessly!
You are too injured to fight recklessly!
You are too injured to fight recklessly!
You are too injured to fight recklessly!
You are too injured to fight recklessly!
You are too injured to fight recklessly!
You are too injured to fight recklessly!
You are too injured to fight recklessly!
You are too injured to fight recklessly!
You are too injured to fight recklessly!
You are too injured to fight recklessly!
You hit the worm. You hit the plant.
A nearby plant withers and dies.
The worm bites you.
You barely miss the worm.
The worm splashes around in the water.
You barely miss the worm. You barely miss the worm. The worm bites you.
You take 2 damage, and have 17/29 hp.
You hit the worm. The worm bites you.
You take 1 damage, and have 16/29 hp.
You hit the worm. You hit the worm. The worm barely misses you.
You completely miss the worm. The worm bites you!
* * * LOW HITPOINT WARNING * * *
You take 9 damage, and have 7/29 hp.
MASSIVE DAMAGE!!
You barely miss the worm. You hit the worm. The worm bites you.
* * * LOW HITPOINT WARNING * * *
You take 2 damage, and have 5/29 hp.
You barely miss the worm. The worm bites you.
You die...

### ######.# ###......# *#####
######≈P≈####.#*#..P.#
#.....P≈P.....##P.≈≈P#
##.###.P≈≈≈#####PP≈PPP##***
...# #.P♣≈......≈≈≈PP≈..,,*
...#*#'PP≈P#####@≈♣PP...,,*
...#...≈≈♣PP#..≈w≈≈≈P...,,***
...#...≈≈♣≈.P≈.P≈≈P.....,,,,*
........P♣♣PPP≈P≈♣.P.###***,*
######.P≈♣♣≈PPP≈♣PP..# *,*
........P≈♣♣♣P♣♣≈P≈###*****,*
........P≈≈≈♣♣≈≈≈≈'.,,,,,,,,*
..........P♣♣♣≈≈≈≈#.,,,,,,,,*
.........PP≈≈♣≈≈P.#,,,,,,,,,***


You could see a worm.

Vanquished Creatures
  2 worms (D:1)
  A dart slug (D:1)
  2 ball pythons
  4 endoplasms
  A giant cockroach (D:1)
  3 goblins (D:1)
  6 hobgoblins (D:1)
  3 kobolds (D:1)
  A quokka (D:1)
  A bat (D:2)
  2 frilled lizards (D:1)
  4 rats (D:1)
30 creatures vanquished.

Vanquished Creatures (others)
  10 plants (D:1)
10 creatures vanquished.

Grand Total: 40 creatures vanquished

Notes
Turn   | Place    | Note
-------+----------+-------------------------------------------
     0 | Abyss:1  | murtidash the Formicid Abyssal Knight began the quest for
                  | the Orb.
     0 | Abyss:1  | Reached XP level 1. HP: 18/18 MP: 2/2
    96 | Abyss:2  | Found a corrupted altar of Lugonu.
   121 | D:1      | Escaped the Abyss
   289 | D:1      | Reached XP level 2. HP: 20/24 MP: 3/3
   624 | D:1      | Reached XP level 3. HP: 24/29 MP: 4/4
  1112 | D:2      | Found a faded altar of an unknown god.
  1118 | D:2      | Reached skill level 1 in Polearms
  1874 | D:1      | Reached skill level 1 in Maces & Flails
  2998 | D:1      | HP: 5/29 [worm (2)]
  2999 | D:1      | Slain by a worm

Illustrated notes

Levels and vault maps discovered:
D:1:      psy_arrival_conway, layout_basic, serial_bayou, serial_bayou_pond_c,
          serial_bayou_lake_a, serial_bayou_pond_a, serial_bayou_lagoon_a,
          serial_bayou_shore_b, lemuel_another_geyser
D:2:      layout_loops_cross, nicolae_ecumenical_pavilion, minmay_lizard_king

Skill      XL: |  1  2  3 |
---------------+----------+-----
Polearms       | 1 |  1.1
Maces & Flails | 1 |  1.0
Fighting       | |  3.5
Axes           | |  2.4
Armour         | |  2.1
Dodging        | |  0.8
Spellcasting   | |  0.7
Invocations    | |  2.7

Action                   || total
-------------------------++-------
Melee: Hand axe          ||   105
Armor: Leather armour    ||    17
Dodge: Dodged            ||    40

Table legend: (Time is in decaauts)
 A = Elapsed time spent in this place.
 B = Non-inter-level travel time spent in this place.
 C = Inter-level travel time spent in this place.
 D = Time resting spent in this place.
 E = Time spent auto-exploring this place.
 F = Levels seen in this place.
 G = Mean time per level.
                   A        B        C        D        E       F      G
               +--------+--------+--------+--------+--------+-----+--------+
         Total |   3119 |   3039 |     80 |    717 |   1893 |   5 |  623.8 |
       Dungeon |   2998 |   2918 |     80 |    717 |   1798 |   2 | 1499.0 |
         Abyss |    120 |    120 |      0 |      0 |     95 |   3 |   40.0 |
               +--------+--------+--------+--------+--------+-----+--------+

Top non-repeatable levels by time:
     D:1: 2965 daAuts
 Abyss:1: 86 daAuts
     D:2: 33 daAuts
 Abyss:3: 20 daAuts
 Abyss:2: 13 daAuts

Table legend:
 A = Kills in this place as a percentage of kills in entire the game.
 B = Kills by you in this place as a percentage of kills by you in the entire game.
 C = Kills by friends in this place as a percentage of kills by friends in the entire game.
 D = Other kills in this place as a percentage of other kills in the entire game.
 E = Experience gained in this place as a percentage of experience gained in the entire game.
 F = Experience gained in this place divided by the number of levels of this place that you have seen.
                   A       B       C       D       E      F
               +-------+-------+-------+-------+-------+----------------------
         Total | 100.0 | 100.0 |   N/A |   N/A | 100.0 |  11.6
       Dungeon | 100.0 | 100.0 |   N/A |   N/A | 100.0 |  29.0
               +-------+-------+-------+-------+-------+----------------------
